CAL
RANCHO CUCAMONGA QUAKES @ LAKE ELSINORE STORM
08/30/2099
 
TOP OF THE 1ST
Rancho Cucamonga Quakes batting - Pitching for Lake Elsinore Storm : LHP Mike Creel
Pitching: LHP Mike Creel
Batting: RHB Rickey Hummel 0-0: Called Strike
0-1: Foul Ball, location: 23FF
0-2: Strikes out swinging
Batting: RHB Roy Fontaine 0-0: Called Strike
0-1: Called Strike
0-2: Ball
1-2: Ground out 5-3 (Groundball, 5, EV 90.6 MPH)
Batting: LHB Morgan Fiore 0-0: Ball
1-0: Called Strike
1-1: SOLO HOME RUN (Flyball, 7D, EV 97.5 MPH), Distance : 388 ft
Batting: RHB Justin Rottier 0-0: Called Strike
0-1: Ball
1-1: SINGLE (Flyball, 4D, EV 87.5 MPH)
Batting: RHB Aaron Hinojosa 0-0: Called Strike
0-1: Called Strike
0-2: Strikes out swinging
Top of the 1st over - 1 run, 2 hits, 0 errors, 1 left on base; Rancho Cucamonga 1 - Lake Elsinore 0
BOTTOM OF THE 1ST
Lake Elsinore Storm batting - Pitching for Rancho Cucamonga Quakes : RHP Matt West
Pitching: RHP Matt West
Batting: SHB Nate Clark 0-0: Called Strike
0-1: Ball
1-1: Foul Ball, location: 7LSF
1-2: Foul Ball, location: 7LDF
1-2: Ball
2-2: Ball
3-2: SINGLE (Line Drive, 8LS, EV 98.1 MPH)
Batting: LHB Ryan Alger 0-0: Fielders Choice at 2nd, 6-4 (Groundball, 56, EV 103.1 MPH)
Batting: RHB Josh Peek 0-0: Grounds into double play, 5-4-3 (Groundball, 56, EV 81.9 MPH)
Bottom of the 1st over - 0 runs, 1 hit, 0 errors, 0 left on base; Rancho Cucamonga 1 - Lake Elsinore 0
TOP OF THE 2ND
Rancho Cucamonga Quakes batting - Pitching for Lake Elsinore Storm : LHP Mike Creel
Batting: RHB Pete Betts 0-0: Ball
1-0: Foul Ball, location: 9LSF
1-1: Foul Ball, location: 2F
1-2: Ball
2-2: Ball
3-2: Fly out, F4 (Popup, 4S, EV 83.1 MPH)
Batting: RHB Ernesto Lopez 0-0: Ball
1-0: Foul Ball, location: 3DF
1-1: Ball
2-1: Swinging Strike
2-2: Ball
3-2: Base on Balls
Batting: RHB Stephen Kamla 0-0: Called Strike
Ernesto Lopez steals 2nd base
0-1: Ball
1-1: Ground out 4-3 (Groundball, 4M, EV 91.3 MPH)
Ernesto Lopez to third
Batting: RHB Karl Gorgone 0-0: SINGLE (Line Drive, 8RS, EV 107.5 MPH)
Ernesto Lopez scores
Batting: RHB Rickey Hummel 0-0: Ball
1-0: Ball
2-0: SINGLE (Groundball, 4D, EV 96.9 MPH)
Karl Gorgone to second
Runner from 2nd tries for 3rd, SAFE, no throw by CF
Batting: RHB Roy Fontaine 0-0: Called Strike
0-1: Fly out, F9 (Flyball, 89S, EV 87.5 MPH)
Top of the 2nd over - 1 run, 2 hits, 0 errors, 2 left on base; Rancho Cucamonga 2 - Lake Elsinore 0
BOTTOM OF THE 2ND
Lake Elsinore Storm batting - Pitching for Rancho Cucamonga Quakes : RHP Matt West
Batting: LHB Jim Ponce 0-0: Ball
1-0: Swinging Strike
1-1: Fly out, F6 (Popup, 6M, EV 63.8 MPH)
Batting: RHB Miguel Otero 0-0: Fly out, F9 (Flyball, 89D, EV 96.9 MPH)
Batting: RHB Rodger Kerkhof 0-0: Ball
1-0: Ball
2-0: Called Strike
2-1: Foul Ball, location: 9LDF
2-2: Strikes out swinging
Bottom of the 2nd over - 0 runs, 0 hits, 0 errors, 0 left on base; Rancho Cucamonga 2 - Lake Elsinore 0
TOP OF THE 3RD
Rancho Cucamonga Quakes batting - Pitching for Lake Elsinore Storm : LHP Mike Creel
Batting: LHB Morgan Fiore 0-0: Called Strike
0-1: Fly out, F7 (Flyball, 7, EV 95.6 MPH)
Batting: RHB Justin Rottier 0-0: Ball
1-0: Ball
2-0: Ball
3-0: Called Strike
3-1: Foul Ball, location: 23F
3-2: Base on Balls
Batting: RHB Aaron Hinojosa 0-0: Ball
1-0: Foul Ball, location: 3F
1-1: Foul Ball, location: 23F
1-2: Ball
2-2: Foul Ball, location: 25F
2-2: Ball
3-2: Base on Balls
Justin Rottier to second
Batting: RHB Pete Betts 0-0: Called Strike
0-1: Ball
1-1: Fly out, F8 (Flyball, 89S, EV 96.9 MPH)
Batting: RHB Ernesto Lopez 0-0: Called Strike
0-1: Ball
1-1: Foul Ball, location: 25F
1-2: Ball
2-2: Fielders Choice at 2nd, 6-4 (Groundball, 6MD, EV 108.1 MPH)
Top of the 3rd over - 0 runs, 0 hits, 0 errors, 2 left on base; Rancho Cucamonga 2 - Lake Elsinore 0
BOTTOM OF THE 3RD
Lake Elsinore Storm batting - Pitching for Rancho Cucamonga Quakes : RHP Matt West
Batting: RHB Tony Martin 0-0: Ball
1-0: Fly out, F9 (Flyball, 9, EV 90.0 MPH)
Batting: RHB Kyle Nastasi 0-0: Called Strike
0-1: Ball
1-1: Foul Ball, location: 2F
1-2: Foul Ball, location: 9LMF
1-2: DOUBLE (Flyball, 78D, EV 100.0 MPH)
Batting: RHB Jim Unknown 0-0: Ball
1-0: Called Strike
1-1: Ball
2-1: Swinging Strike
2-2: Ball
3-2: Base on Balls
Batting: SHB Nate Clark 0-0: Ball
1-0: Called Strike
1-1: Ball
2-1: Foul Ball, location: 7LMF
2-2: Fly out, F9 (Flyball, 9LM, EV 103.8 MPH)
Batting: LHB Ryan Alger 0-0: Called Strike
0-1: Foul Ball, location: 7LDF
0-2: Ball
1-2: Foul Ball, location: 23F
1-2: Ball
2-2: Strikes out swinging
Bottom of the 3rd over - 0 runs, 1 hit, 0 errors, 2 left on base; Rancho Cucamonga 2 - Lake Elsinore 0
TOP OF THE 4TH
Rancho Cucamonga Quakes batting - Pitching for Lake Elsinore Storm : LHP Mike Creel
Batting: RHB Stephen Kamla 0-0: Ball
1-0: Called Strike
1-1: Swinging Strike
1-2: Ground out 4-3 (Groundball, 34, EV 102.5 MPH)
Batting: RHB Karl Gorgone 0-0: Ball
1-0: Called Strike
1-1: Hit by Pitch
Batting: RHB Rickey Hummel 0-0: Ball
1-0: Foul Ball, location: 5F
1-1: Foul Ball, location: 9LSF
1-2: Ball
2-2: Strikes out swinging
Batting: RHB Roy Fontaine 0-0: Called Strike
0-1: Ball
1-1: SINGLE (Groundball, 6MD, EV 96.3 MPH)
Karl Gorgone to second
Runner from 2nd tries for 3rd, SAFE, throw by CF made to third
Batting: LHB Morgan Fiore 0-0: Called Strike
0-1: Foul Ball, location: 25FF
0-2: Ball
1-2: Ball
2-2: Fly out, F8 (Line Drive, 89M, EV 110.6 MPH)
Top of the 4th over - 0 runs, 1 hit, 0 errors, 2 left on base; Rancho Cucamonga 2 - Lake Elsinore 0
BOTTOM OF THE 4TH
Lake Elsinore Storm batting - Pitching for Rancho Cucamonga Quakes : RHP Matt West
Batting: RHB Josh Peek 0-0: Ball
1-0: Called Strike
1-1: SINGLE (Groundball, 34D, EV 100.6 MPH)
Batting: LHB Jim Ponce 0-0: Called Strike
0-1: Ball
Josh Peek steals 2nd base
1-1: Fly out, F9 (Flyball, 89M, EV 90.6 MPH)
Batting: RHB Miguel Otero 0-0: Ball
1-0: Called Strike
1-1: Fly out, F8 (Flyball, 8LD, EV 102.5 MPH)
Batting: RHB Rodger Kerkhof 0-0: Foul Ball, location: 2F
0-1: Foul Ball, location: 9LMF
0-2: Ball
1-2: Reached on error, E6 (Groundball, 6, EV 103.1 MPH)
Josh Peek scores
Batting: RHB Tony Martin 0-0: Ball
1-0: Ground out 6-3 (Groundball, 6, EV 108.1 MPH)
Bottom of the 4th over - 1 run, 1 hit, 1 error, 1 left on base; Rancho Cucamonga 2 - Lake Elsinore 1
TOP OF THE 5TH
Rancho Cucamonga Quakes batting - Pitching for Lake Elsinore Storm : LHP Mike Creel
Pitching: RHP Kisaku Takano
Batting: RHB Justin Rottier 0-0: Ground out 6-3 (Groundball, 6, EV 79.4 MPH)
Batting: RHB Aaron Hinojosa 0-0: Foul Ball, location: 7LSFF
0-1: Ball
1-1: Ball
2-1: Called Strike
2-2: Strikes out looking
Batting: RHB Pete Betts 0-0: SINGLE (Groundball, P, EV 88.1 MPH) (infield hit)
Batting: RHB Ernesto Lopez 0-0: Ball
1-0: Called Strike
1-1: Ball
2-1: Swinging Strike
2-2: Strikes out swinging
Top of the 5th over - 0 runs, 1 hit, 0 errors, 1 left on base; Rancho Cucamonga 2 - Lake Elsinore 1
BOTTOM OF THE 5TH
Lake Elsinore Storm batting - Pitching for Rancho Cucamonga Quakes : RHP Matt West
Batting: RHB Kyle Nastasi 0-0: Ground out 6-3 (Groundball, 6, EV 105.6 MPH)
Batting: RHB Jim Unknown 0-0: Ball
1-0: Called Strike
1-1: Called Strike
1-2: Strikes out swinging
Batting: SHB Nate Clark 0-0: Swinging Strike
0-1: Ball
1-1: Fly out, F2 (Popup, 5SF, EV 69.4 MPH)
Bottom of the 5th over - 0 runs, 0 hits, 0 errors, 0 left on base; Rancho Cucamonga 2 - Lake Elsinore 1
TOP OF THE 6TH
Rancho Cucamonga Quakes batting - Pitching for Lake Elsinore Storm : RHP Kisaku Takano
Batting: RHB Stephen Kamla 0-0: Ball
1-0: Called Strike
1-1: Ball
2-1: Swinging Strike
2-2: Foul Ball, location: 9LMF
2-2: Strikes out looking
Batting: RHB Karl Gorgone 0-0: Foul Ball, location: 9LMF
0-1: Ball
1-1: Foul Ball, location: 2F
1-2: Fly out, F4 (Popup, 34S, EV 68.8 MPH)
Batting: RHB Rickey Hummel 0-0: DOUBLE (Line Drive, 9LS, EV 97.5 MPH)
Batting: RHB Roy Fontaine 0-0: Called Strike
0-1: Foul Ball, location: 2F
0-2: Ball
1-2: Fly out, F3 (Popup, 3S, EV 70.6 MPH)
Top of the 6th over - 0 runs, 1 hit, 0 errors, 1 left on base; Rancho Cucamonga 2 - Lake Elsinore 1
BOTTOM OF THE 6TH
Lake Elsinore Storm batting - Pitching for Rancho Cucamonga Quakes : RHP Matt West
Batting: LHB Ryan Alger 0-0: Ball
1-0: Ground out 6-3 (Groundball, 6M, EV 106.3 MPH)
Batting: RHB Josh Peek 0-0: Swinging Strike
0-1: Ground out 5-3 (Groundball, 56S, EV 85.0 MPH)
Batting: LHB Jim Ponce 0-0: Swinging Strike
0-1: Ball
1-1: Ball
2-1: TRIPLE (Line Drive, 89XD, EV 101.3 MPH)
Batting: RHB Miguel Otero 0-0: Ball
1-0: Ball
2-0: Foul Ball, location: 9LSF
2-1: Fly out, F9 (Flyball, 9LM, EV 81.3 MPH)
Bottom of the 6th over - 0 runs, 1 hit, 0 errors, 1 left on base; Rancho Cucamonga 2 - Lake Elsinore 1
TOP OF THE 7TH
Rancho Cucamonga Quakes batting - Pitching for Lake Elsinore Storm : RHP Kisaku Takano
Pitching: LHP David Quick
Pinch Hitting: RHB Felipe Delgado 0-0: Ball
1-0: SINGLE (Groundball, 6MD, EV 102.5 MPH)
Pitching: RHP Earl Walmsley
Batting: RHB Justin Rottier 0-0: Foul Ball, location: 2F
0-1: Foul Ball, location: 9LMF
0-2: Ball
1-2: Ball
2-2: Strikes out swinging
Batting: SHB Ramon Faustino 0-0: Fielders Choice at 2nd, 3-6 (Groundball, 34, EV 90.6 MPH)
Batting: RHB Pete Betts 0-0: Ball
1-0: Ball
2-0: Swinging Strike
2-1: Called Strike
2-2: Strikes out swinging
Top of the 7th over - 0 runs, 1 hit, 0 errors, 1 left on base; Rancho Cucamonga 2 - Lake Elsinore 1
BOTTOM OF THE 7TH
Lake Elsinore Storm batting - Pitching for Rancho Cucamonga Quakes : RHP Matt West
Pitching: RHP Mike Dufault
Now in LF: Ryan Greene
Batting: RHB Rodger Kerkhof 0-0: Called Strike
0-1: Called Strike
0-2: Ball
1-2: Ground out 6-3 (Groundball, 6, EV 82.5 MPH)
Batting: RHB Tony Martin 0-0: Called Strike
0-1: Foul Ball, location: 9LDF
0-2: Strikes out swinging
Pinch Hitting: RHB Andres Luna 0-0: Foul Ball, location: 2F
0-1: Foul Ball, location: 2F
0-2: Ball
1-2: Foul Ball, location: 5F
1-2: Foul Ball, location: 2F
1-2: Ground out 5-3 (Groundball, 56S, EV 88.1 MPH)
Bottom of the 7th over - 0 runs, 0 hits, 0 errors, 0 left on base; Rancho Cucamonga 2 - Lake Elsinore 1
TOP OF THE 8TH
Rancho Cucamonga Quakes batting - Pitching for Lake Elsinore Storm : RHP Earl Walmsley
Now at 3B: Mike Patton
Now at SS: Rodger Kerkhof
Pinch Hitting: LHB Joey Baker 0-0: Ball
1-0: Called Strike
1-1: Ball
2-1: Ball
3-1: Base on Balls
Pinch Hitting: SHB Joe Bateman 0-0: Fly out, F6 (Popup, 15S, EV 86.9 MPH)
Pinch Hitting: SHB Glenn Pelletier 0-0: 2-RUN HOME RUN (Flyball, 8RXD, EV 111.9 MPH), Distance : 447 ft
Batting: RHB Rickey Hummel 0-0: Ball
1-0: Called Strike
1-1: Ground out 4-3 (Groundball, 4M, EV 97.5 MPH)
Batting: RHB Roy Fontaine 0-0: Swinging Strike
0-1: Ground out 5-3 (Groundball, 56S, EV 68.8 MPH)
Top of the 8th over - 2 runs, 1 hit, 0 errors, 0 left on base; Rancho Cucamonga 4 - Lake Elsinore 1
BOTTOM OF THE 8TH
Lake Elsinore Storm batting - Pitching for Rancho Cucamonga Quakes : RHP Mike Dufault
Now at C: Aaron Marcis
Now in CF: Dong-chan Kym
Now in RF: Joey Baker
Batting: RHB Jim Unknown 0-0: Ball
1-0: Ball
2-0: Called Strike
2-1: Ball
3-1: Foul Ball, location: 5FF
3-2: Strikes out swinging
Batting: SHB Nate Clark 0-0: Called Strike
0-1: Ball
1-1: Called Strike
1-2: Ball
2-2: Foul Ball, location: 7LSF
2-2: Ball
3-2: Base on Balls
Batting: LHB Ryan Alger 0-0: Ball
1-0: Foul Ball, location: 2F
1-1: Swinging Strike
1-2: Ball
2-2: Ball
3-2: DOUBLE (Flyball, 8LXD, EV 91.3 MPH)
Nate Clark to third
Runner from 3rd tries for Home, SAFE, throw by CF to home
Batting: RHB Josh Peek 0-0: Ground out 4-3 (Groundball, 4, EV 87.5 MPH)
Ryan Alger to third
Batting: LHB Jim Ponce 0-0: Ball
1-0: Called Strike
1-1: Reached on error, E8 (Flyball, 89M, EV 76.3 MPH)
Ryan Alger scores
Batting: RHB Miguel Otero 0-0: Foul Ball, location: 7LDF
0-1: Ball
1-1: Ball
2-1: Ball
3-1: Called Strike
3-2: Strikes out swinging
Bottom of the 8th over - 2 runs, 1 hit, 1 error, 1 left on base; Rancho Cucamonga 4 - Lake Elsinore 3
TOP OF THE 9TH
Rancho Cucamonga Quakes batting - Pitching for Lake Elsinore Storm : RHP Earl Walmsley
Batting: LHB Ryan Greene 0-0: Foul Ball, location: 9LSFF
0-1: Swinging Strike
0-2: Strikes out swinging
Batting: RHB Justin Rottier 0-0: Called Strike
0-1: Called Strike
0-2: Strikes out swinging
Batting: SHB Ramon Faustino 0-0: Called Strike
0-1: Ball
1-1: Ball
2-1: Foul Ball, location: 2F
2-2: Foul Ball, location: 2F
2-2: Ball
3-2: Base on Balls
Batting: RHB Pete Betts 0-0: Ball
1-0: Ball
2-0: Called Strike
2-1: Ground out 4-3 (Groundball, 34S, EV 93.1 MPH)
Top of the 9th over - 0 runs, 0 hits, 0 errors, 1 left on base; Rancho Cucamonga 4 - Lake Elsinore 3
BOTTOM OF THE 9TH
Lake Elsinore Storm batting - Pitching for Rancho Cucamonga Quakes : RHP Mike Dufault
Pitching: RHP Pablo Castaneda
Batting: RHB Rodger Kerkhof 0-0: Foul Ball, location: 23F
0-1: Ball
1-1: SINGLE (Flyball, 89D, EV 105.6 MPH)
Batting: RHB Tony Martin 0-0: Ball
1-0: Ball
2-0: Called Strike
2-1: Fly out, F7 (Flyball, 78M, EV 97.5 MPH)
Batting: RHB Mike Patton 0-0: SINGLE (Line Drive, 6D, EV 95.0 MPH)
Rodger Kerkhof to second
Pinch Hitting: RHB Ryan Perovic 0-0: Ball
1-0: Foul Ball, location: 2F
1-1: Called Strike
1-2: Foul Ball, location: 2F
1-2: SINGLE (Line Drive, 89S, EV 93.1 MPH)
Rodger Kerkhof to third
Mike Patton to second
Runner from 3rd tries for Home, SAFE, throw by RF to home
Batting: SHB Nate Clark 0-0: Ball
1-0: Fly out, F9 (Flyball, 9LSF, EV 87.5 MPH)
Batting: LHB Ryan Alger 0-0: Fly out, F9 (Line Drive, 89M, EV 91.9 MPH)
Bottom of the 9th over - 1 run, 3 hits, 0 errors, 2 left on base; Rancho Cucamonga 4 - Lake Elsinore 4
TOP OF THE 10TH
Rancho Cucamonga Quakes batting - Pitching for Lake Elsinore Storm : RHP Earl Walmsley
Now at C: Scott Parks
Batting: LHB Joey Baker 0-0: Foul Ball, location: 23FF
0-1: Foul Ball, location: 2RF
0-2: Foul Ball, location: 2F
0-2: Foul Ball, location: 5F
0-2: Strikes out swinging
Pinch Hitting: LHB Terry Walker 0-0: Foul Ball, location: 2F
0-1: Foul Ball, location: 3F
0-2: Strikes out swinging
Batting: RHB Dong-chan Kym 0-0: Swinging Strike
0-1: Ground out 4-3 (Groundball, 34, EV 81.9 MPH)
Top of the 10th over - 0 runs, 0 hits, 0 errors, 0 left on base; Rancho Cucamonga 4 - Lake Elsinore 4
BOTTOM OF THE 10TH
Lake Elsinore Storm batting - Pitching for Rancho Cucamonga Quakes : RHP Pablo Castaneda
Pitching: RHP Stephano Emiliani
Now at C: Terry Walker
Batting: RHB Josh Peek 0-0: Ball
1-0: Called Strike
1-1: Fly out, F7 (Flyball, 7S, EV 92.5 MPH)
Batting: LHB Jim Ponce 0-0: Ball
1-0: Foul Ball, location: 23F
1-1: Fly out, F8 (Flyball, 8RM, EV 91.9 MPH)
Batting: RHB Miguel Otero 0-0: Called Strike
0-1: Ground out 6-3 (Groundball, 6, EV 80.6 MPH)
Bottom of the 10th over - 0 runs, 0 hits, 0 errors, 0 left on base; Rancho Cucamonga 4 - Lake Elsinore 4
TOP OF THE 11TH
Rancho Cucamonga Quakes batting - Pitching for Lake Elsinore Storm : RHP Earl Walmsley
Pitching: RHP Andy Willis
Batting: RHB Rickey Hummel 0-0: Ball
1-0: Foul Ball, location: 9LSF
1-1: Swinging Strike
1-2: Ball
2-2: Foul Ball, location: 25F
2-2: Ball
3-2: Strikes out swinging
Batting: RHB Roy Fontaine 0-0: Called Strike
0-1: Ball
1-1: Ball
2-1: Foul Ball, location: 2F
2-2: Ball
3-2: Strikes out swinging
Batting: LHB Ryan Greene 0-0: Called Strike
0-1: Swinging Strike
0-2: Ball
1-2: Ball
2-2: Foul Ball, location: 5DF
2-2: Foul Ball, location: 2RF
2-2: Ball
3-2: Strikes out looking
Top of the 11th over - 0 runs, 0 hits, 0 errors, 0 left on base; Rancho Cucamonga 4 - Lake Elsinore 4
BOTTOM OF THE 11TH
Lake Elsinore Storm batting - Pitching for Rancho Cucamonga Quakes : RHP Stephano Emiliani
Batting: RHB Rodger Kerkhof 0-0: Ball
1-0: Ball
2-0: Called Strike
2-1: TRIPLE (Flyball, 9D, EV 104.4 MPH)
Batting: RHB Tony Martin 0-0: Swinging Strike
0-1: Called Strike
0-2: Ball
1-2: SINGLE (Groundball, 6M, EV 83.1 MPH)
Rodger Kerkhof scores
Bottom of the 11th over - 1 run, 2 hits, 0 errors, 1 left on base; Rancho Cucamonga 4 - Lake Elsinore 5
Thursday, May 16th , 2024 - OOTP Baseball 24.11 Build 85